 Dungeon Crawl Stone Soup version 0.31-a0-1300-gb6740aa4e6 (webtiles) character file.

Game seed: 5436597802950676164

9 LeprechaunX the Changeling (level 2, -1/18 HPs)
             Began as an Octopode Shapeshifter on Dec 18, 2023.
             Frozen to death by an endoplasm (4 damage)
             ... on level 1 of the Dungeon.
             The game lasted 00:00:27 (316 turns).

LeprechaunX the Changeling (Octopode Shapeshifter)   Turns: 316, Time: 00:00:27

Health: -1/18      AC:  1    Str: 13    XL:     2   Next: 12%
Magic:  2/2        EV: 13    Int: 12    God:
Gold:   15         SH:  0    Dex: 11    Spells: 1/1 levels left

rFire   . .          .
                       - Unarmed
rCold   . . .        (no shield)
rNeg    . . .        (helmet currently unavailable)
rPois   .            (no amulet)
rElec   .            (no ring)
rCorr   .            (no ring)
SInv    .            (no ring)
Will    .....        (no ring)
Stlth   ++           (no ring)
HPRegen 0.23/turn    (no ring)
MPRegen 0.08/turn    (no ring)
                     (no ring)

%: no passive effects
@: beast-form
A: beast (slay +1), almost no armour, amphibious, 8 rings, camouflage 1,
gelatinous body 1, (nimble swimmer 1), tentacles
a: Begin Untransformation


You were on level 1 of the Dungeon.
You were a hulking beast.
You visited 1 branch of the dungeon, and saw 1 of its levels.

You collected 15 gold pieces.

Inventory:

Missiles
 d - 5 atropa-tipped darts
Talismans
 b - a beast talisman
 c - a flux talisman
Scrolls
 e - a scroll of summoning {unknown}
 g - a scroll of fog {unknown}
 h - a scroll of vulnerability {unknown}
Potions
 a - a potion of lignification
 f - a potion of curing {unknown}


   Skills:
 + Level 1.2 Fighting
 + Level 0.3 Throwing
 - Level 2.0 Dodging
 + Level 3.1 Unarmed Combat
 * Level 3.2 Shapeshifting


You had one spell level left.
You didn't know any spells.
Your spell library was empty.

Dungeon Overview and Level Annotations

Branches:
Dungeon (1/15)

Altars:


Innate Abilities, Weirdness & Mutations

You are a hulking beast.
Your limbs bulge with bestial killing power. (Slay +1)
You cannot wear most types of armour.
You are amphibious.
You can wear up to eight rings at the same time.
Your skin changes colour to match your surroundings (Stealth+).
Your rubbery body absorbs attacks. (AC +1, EV +1)
((You are camouflaged when in or above water. (Stealth+)))
You have tentacles for arms and can constrict up to eight enemies at once.


Message History

Found a leather armour and 5 stones.
A dart slug comes into view.
A frilled lizard comes into view.
The dart slug launches a dart at you. The slug dart hits you.
There is an open door here.
There are monsters nearby!
There are monsters nearby!
There are monsters nearby!
Found a mace.
An endoplasm comes into view.
The dart slug launches a dart at you. The slug dart misses you.
You tentacle-slap the frilled lizard.
You kill the frilled lizard!
The endoplasm jiggles.
The dart slug launches a dart at you. The slug dart hits you.
You are too injured to fight recklessly!
You are too injured to fight recklessly!
You are too injured to fight recklessly!
Unknown command.
You are too injured to fight recklessly!
You are too injured to fight recklessly!
You are too injured to fight recklessly!
The endoplasm freezes you.
You are frozen.
The dart slug launches a dart at you. The slug dart misses you.
You tentacle-slap the endoplasm.
The endoplasm is heavily wounded.
The endoplasm hits you but does no damage.
The dart slug launches a dart at you. The slug dart hits you.
* * * LOW HITPOINT WARNING * * *
You tentacle-slap the dart slug. You grab the dart slug.
The dart slug is heavily wounded.
You constrict the dart slug. The endoplasm freezes you.
You are frozen.
You die...

#.# #.# #.#
#.# #.# #.#
###
####'########
~###
#..[........#
~'.#
#...........#
~#.#
#.....(.....#
##.#
#...........#
#.#
#........h..#
##.#
#........Jw.#
...#
#............#
####
#......).....#
#............#
#............#
...........##
#+#########


You could see a dart slug and an endoplasm.

Vanquished Creatures
  3 endoplasms (D:1)
  A hobgoblin (D:1)
  A ball python (D:1)
  A frilled lizard (D:1)
  A kobold (D:1)
  2 rats (D:1)
9 creatures vanquished.

Notes
Turn   | Place    | Note
-------+----------+-------------------------------------------
     0 | D:1      | LeprechaunX the Octopode Shapeshifter began the quest for
                  | the Orb.
     0 | D:1      | Reached XP level 1. HP: 13/13 MP: 1/1
   132 | D:1      | Reached XP level 2. HP: 11/18 MP: 2/2
   316 | D:1      | Frozen to death by an endoplasm

Illustrated notes

Levels and vault maps discovered:
D:1:      onia_arrival_mini_spirals, layout_basic, minmay_liquid_box

Action                     || total
---------------------------++-------
  Melee: Unarmed           ||    15
         Tentacles         ||     3
         Constrict         ||     2
   Stab: Sleeping          ||     2
 Armour: Skin              ||     8
  Dodge: Dodged            ||     5

Table legend: (Time is in decaauts)
 A = Elapsed time spent in this place.
 B = Non-inter-level travel time spent in this place.
 C = Inter-level travel time spent in this place.
 D = Time resting spent in this place.
 E = Time spent auto-exploring this place.
 F = Levels seen in this place.
 G = Mean time per level.
                   A        B        C        D        E       F      G
               +--------+--------+--------+--------+--------+-----+--------+
         Total |    315 |    315 |      0 |     27 |    225 |   1 |  315.0 |
       Dungeon |    315 |    315 |      0 |     27 |    225 |   1 |  315.0 |
               +--------+--------+--------+--------+--------+-----+--------+

Top non-repeatable levels by time:
     D:1: 315 daAuts
